AoeStats
← Marian

Hideout

509642239Analyzed
1v1 RM · 4d ago on Sep 27, 2026· 31m 8s· 2 players
Game mode
Random Map
Map size
Tiny (2 player)
Population
200
Speed
Normal
Resources
Standard
Victory
Conquest
Starting age
Dark Age
Ending age
Imperial Age
RankedLock teamsTeams togetherTeam positionsShared explorationLock speedFull tech treeHidden civsTurbo modeCheats
Victory
Defeat
🇪🇸 Bulgarians · Spain
588
+16
🇷🇴 Ethiopians · Romania
578
-16
Marian
10:29 Feudal Age
10:56 Horse Collar
11:19 Double-Bit Axe
18:29 Castle Age
21:06 Bow Saw
25:16 Heavy Plow
26:16 Scale Barding Armor
26:22 Forging
27:55 Husbandry
29:46 Iron Casting
El inglés
8:24 Loom
10:53 Feudal Age
12:53 Double-Bit Axe
18:13 Castle Age
16:23 Scale Mail Armor
17:06 Forging
20:23 Horse Collar
21:24 Stone Mining
22:53 Gold Mining
25:04 Pikeman
26:37 Iron Casting
30:57 Imperial Age
Connection lost

Rejoining the realm…

Still unreachable

The connection could not be restored.

Session expired

The server has moved on; the page needs a fresh start.